 Dungeon Crawl Stone Soup version 0.22-a0-159-g7ce444f (webtiles) character file.

18 Azzok the Vexing (level 2, -1/15 HPs)
             Began as a Deep Elf Enchanter on Feb 9, 2018.
             Slain by a rat (2 damage)
             ... on level 1 of the Dungeon.
             The game lasted 00:01:23 (539 turns).

Azzok the Vexing (Deep Elf Enchanter)                Turns: 539, Time: 00:01:24

Health: -1/15      AC:  2    Str:  5    XL:     2   Next: 48%
Magic:  0/8        EV: 13    Int: 19    God:
Gold:   29         SH:  0    Dex: 15    Spells: 4/7 levels left

rFire    . . .     SeeInvis .   a - +1 dagger
rCold    . . .     Gourm    .   (no shield)
rNeg     . . .     Faith    .   b - +0 robe
rPois    .         Spirit   .   (no helmet)
rElec    .         Reflect  .   (no cloak)
rCorr    .         Harm     .   (no gloves)
MR       .....                  (no boots)
Stlth    +++.......             (no amulet)
HPRegen  0.05/turn              (no ring)
MPRegen  0.11/turn              (no ring)

@: no status effects
A: no striking features
a: no special abilities


You were on level 1 of the Dungeon.
You were not hungry.

You visited 1 branch of the dungeon, and saw 1 of its levels.

You collected 29 gold pieces.

Inventory:

Hand Weapons
 a - a +1 dagger (weapon)
Armour
 b - a +0 robe (worn)
Scrolls
 e - a scroll of fear {unknown}
 g - a scroll of fog {unknown}
Books
 c - a book of Maledictions

   Spells                             Type                      Level
   a - Corona                         Hexes                        1
   b - Ensorcelled Hibernation        Hexes/Ice                    2
   c - Confuse                        Hexes                        3
   d - Tukima's Dance                 Hexes                        3
   e - Dazzling Spray                 Conjuration/Hexes            3
Comestibles
 d - a ration
 f - 2 chunks of flesh


   Skills:
 + Level 1.6 Short Blades
 - Level 2.4 Dodging
 + Level 4.1 Stealth
 - Level 3.0 Spellcasting
 + Level 4.4 Hexes


You had 4 spell levels left.
You knew the following spells:

 Your Spells              Type           Power        Failure   Level  Hunger
a - Corona                Hex            ###....      2%          1    None
b - Ensorcelled Hibernat  Hex/Ice        ##....       10%         2    ##.....


Dungeon Overview and Level Annotations

Branches:
Dungeon (1/15)

Altars:


Message History

You impale the kobold!!
You kill the kobold!
A rat is nearby!
Casting: Ensorcelled Hibernation (safe; 10% risk of failure)
Confirm with . or Enter, or press ? or * to list all spells.
Aiming: Corona (safe; 2% risk of failure)
Press: ? - help, Shift-Dir - straight line, f - rat
Aim: a rat (chance to defeat MR: 73%)
The rat is outlined in light.
* * * LOW MAGIC WARNING * * *
The rat closely misses you.
You barely miss the rat. The rat bites you.
* * * LOW HITPOINT WARNING * * *
You hit the rat.
The rat is heavily wounded.
The rat barely misses you.
You hit the rat but do no damage.
The rat is heavily wounded.
The rat bites you.
You die...

·············▒ ▒▒▒▒▒·▒▒·▒▒▒▒▒
▒ ▒·▒▒··▒ ▒·· ▒·▒▒▒·▒
▒·▒··▒▒▒·▒▒▒·▒
▒·····)······▒▒▒▒▒
▒▒▒▒▒▒▒▒·(·······▒
▒▒·▒▒▒▒▒▒▒▒▒▒▒▒▒▒··▒···▒▒▒·▒▒
·g·············@r··)········▒
▒▒·▒▒▒▒▒▒▒▒▒▒▒▒▒▒·▒▒▒··▒▒▒▒▒
▒··▒ ▒··▒▒ ▒·▒▒ ▒···▒
········▒ ▒·▒·▒ [·g·····▒
▒·▒·▒ r······▒▒ ▒·▒·▒ ·····!·
▒·▒·▒ ······· ▒·▒·▒


You could see a rat.

Vanquished Creatures
  An ooze (D:1)
  A goblin (D:1)
  5 hobgoblins (D:1)
  A frilled lizard (D:1)
  2 kobolds (D:1)
  3 rats (D:1)
13 creatures vanquished.

Notes
Turn   | Place    | Note
-------+----------+-------------------------------------------
     0 | D:1      | Azzok the Deep Elf Enchanter began the quest for the Orb.
     0 | D:1      | Reached XP level 1. HP: 10/10 MP: 6/6
   314 | D:1      | Reached XP level 2. HP: 15/15 MP: 8/8
   447 | D:1      | Learned a level 2 spell: Ensorcelled Hibernation
   539 | D:1      | Slain by a rat

Vault maps used:
D:1:      matt_arrival_refuge, st_stairs_8

Skill      XL: |  1  2 |
---------------+-------+-----
Stealth        | 4 |  4.1
Short Blades   | |  1.6
Dodging        | |  2.4
Spellcasting   | |  3.0
Hexes          | |  4.4

Action                   || total
-------------------------++-------
Melee: Dagger            ||    35
 Cast: Corona            ||     9
       Ensorcelled Hiber ||     4
 Stab: Sleeping          ||     6
Armor: Robe              ||     6
Dodge: Dodged            ||    13

Table legend:
 A = Spawn XP
 B = Non-spawn XP
 C = Spawn XP percentage of total XP
 D = Spawn monster count
 E = Non-spawn monster count
 F = Spawn count percentage of total count
 G = Total turns spent on level
                    A         B        C        D         E        F      G
               +---------+---------+-------+---------+---------+-------+---------
         Total |       0 |      26 |   0.0 |       0 |      13 |   0.0 |   539
               +---------+---------+-------+---------+---------+-------+---------
           D:1 |       0 |      26 |   0.0 |       0 |      13 |   0.0 |   539
               +---------+---------+-------+---------+---------+-------+---------
